Map: Simulacrum LE

Players

Reynor - Winner!

  • Race: Zerg Zerg
  • Spawn Location: 11:00

SortOf

  • Race: Zerg Zerg
  • Spawn Location: 5:00

Event: StayAtHomestory Cup #1

VOD

Have the link to the VOD?

Description

Time

  • Played on: April 10, 2020, 11:21 a.m.
  • Length: 5:50

All games in this series

Show
View Real Time Build Order
Export as new Build Order

Reynor Zerg - Winner!

Build Orders: Hatch First 

Get SALT Encoding   

  12  0:00  Drone  
  13  0:12  Overlord  
  13  0:17  Drone  
  14  0:30  Drone x2  
  16  0:48  Hatchery  
  15  0:51  Drone  
  15  0:55  Drone  
  17  0:57  Drone  
  17  1:01  Extractor  
  17  1:14  Spawning Pool  
  17  1:17  Drone  
  17  1:20  Drone  
  18  1:28  Drone  
  19  1:38  Overlord  
  19  2:02  Zergling x6, Queen  
  19  2:03  Metabolic Boost  
  24  2:10  Queen  
  24  2:13  Drone  
  27  2:15  Drone  
  27  2:21  Drone x2  
  30  2:33  Drone  
  31  2:41  Hatchery  
  30  2:44  Drone  
  30  2:46  Drone  
  30  2:51  Overlord  
  32  2:58  Zergling x4  
  34  3:07  Zergling x4, Baneling Nest  
  34  3:11  Zergling x2  
  34  3:12  Zergling x4  
  38  3:17  Zergling x2  
  39  3:22  Overlord  
  39  3:24  Zergling x4  
  39  3:25  Drone  
  42  3:32  Zergling x4  
  44  3:39  Overlord  
  44  3:41  Zergling x2  
  44  3:45  Zergling x6  
  43  3:53  Baneling x2  
  43  3:54  Drone x3  
  43  3:55  Drone  
  47  3:58  Zergling x2  
  47  3:59  Drone  
  49  4:06  Drone x2  
  49  4:08  Drone  
  51  4:17  Roach Warren  
  51  4:18  Drone x3  
  51  4:21  Extractor  
  51  4:23  Drone  
  53  4:26  Drone x2  
  53  4:27  Baneling  
  53  4:31  Overlord  
  55  4:32  Baneling  
  55  4:44  Drone, Queen  
  58  4:50  Overlord  
  58  4:54  Drone x2  
  58  4:55  Drone  
  58  4:59  Roach  
  62  5:00  Roach x2  
  62  5:01  Roach  
  62  5:05  Roach  
  65  5:08  Roach, Evolution Chamber  
  65  5:10  Queen  
  65  5:13  Roach  
  70  5:20  Roach x2  
  74  5:26  Roach x2  
  77  5:29  Overlord  
Show
View Real Time Build Order
Export as new Build Order

SortOf Zerg 

Build Orders: Hatch First 

Get SALT Encoding   

  12  0:01  Drone  
  13  0:12  Overlord  
  13  0:17  Drone  
  14  0:31  Drone x2  
  16  0:48  Hatchery  
  15  0:52  Drone  
  15  0:55  Drone  
  17  0:58  Drone  
  18  1:09  Extractor  
  17  1:14  Spawning Pool  
  17  1:17  Drone  
  17  1:20  Drone  
  18  1:28  Drone  
  19  1:39  Drone  
  20  1:49  Drone  
  21  2:01  Queen x2  
  21  2:03  Overlord  
  21  2:05  Drone  
  26  2:12  Drone x2  
  26  2:15  Metabolic Boost  
  28  2:22  Zergling x4  
  30  2:35  Hatchery  
  29  2:37  Zergling x2  
  29  2:42  Drone  
  31  2:47  Drone  
  31  2:48  Baneling Nest  
  31  2:54  Overlord  
  31  3:01  Drone  
  32  3:07  Queen  
  32  3:09  Drone x2  
  36  3:14  Drone x2  
  36  3:16  Drone  
  36  3:18  Zergling x2  
  40  3:22  Zergling x2  
  40  3:25  Drone  
  42  3:29  Zergling x4  
  44  3:36  Overlord  
  44  3:45  Zergling x6  
  44  3:47  Zergling x2  
  41  3:49  Evolution Chamber  
  41  3:51  Queen  
  42  3:55  Zergling x2  
  42  3:56  Zergling x2  
  42  4:00  Zergling x2  
  44  4:07  Baneling x3  
  44  4:11  Zergling x4  
  44  4:14  Baneling  
  46  4:24  Drone x3  
  49  4:29  Overlord  
  49  4:33  Hatchery  
  49  4:39  Zergling x6  
  51  4:45  Queen  
  51  4:47  Overlord  
  47  4:55  Zergling x6  
  45  5:07  Zergling x6  
  45  5:10  Drone  
  45  5:11  Drone  
  45  5:13  Baneling x2  
  45  5:14  Hatchery, Baneling  
  49  5:21  Baneling x5  
  47  5:33  Zergling x8  
Tags
 
Add a new tag
Caveats
  • Supply blocks, unpowered buildings, or Contaminate may cause inaccurate times.
  • Supply counts are checked every 10 seconds.